 Dungeon Crawl Stone Soup version 0.26.0-10-g1f06aea511 (webtiles) character file.

Game seed: 9766939615928996594

3018 vatarom the Cruncher (level 9, -3/72 HPs)
             Began as a Demonspawn Gladiator on Jan 17, 2021.
             Slain by an orc warrior
             ... wielding a +0 war axe
              (7 damage)
             ... on level 8 of the Dungeon.
             The game lasted 00:09:02 (8091 turns).

vatarom the Cruncher (Demonspawn Gladiator)         Turns: 8091, Time: 00:09:03

Health: -3/72      AC: 10    Str: 22    XL:     9   Next: 55%
Magic:  9/9        EV: 19    Int: 16    God:
Gold:   319        SH:  5    Dex: 16    Spells: 8/8 levels left

rFire    . . .     SeeInvis .   n - +3 quarterstaff (chaos)
rCold    . . .     Faith    .   (shield currently unavailable)
rNeg     . . .     Spirit   .   y - +0 steam dragon scales
rPois    .         Reflect  +   c - +1 helmet
rElec    .         Harm     .   o - +1 cloak
rCorr    .         Rampage  .   (no gloves)
Will     .....                  (no boots)
Stlth    +.........             u - amulet of reflection
HPRegen  0.22/turn              t - +6 ring of intelligence
MPRegen  0.11/turn              E - +6 ring of strength

@: agile
A: claws 1, talons 2, powered by pain 2
a: no special abilities


You were on level 8 of the Dungeon.
You visited 2 branches of the dungeon, and saw 9 of its levels.
You also visited: Sewer.

You collected 319 gold pieces.

Inventory:

Hand Weapons
 n - a +3 quarterstaff of chaos (weapon)
Missiles
 d - 5 throwing nets {!f}
 g - 42 poisoned darts (quivered)
Armour
 c - a +1 helmet (worn)
 o - a +1 cloak (worn)
 y - +0 steam dragon scales (worn)
Jewellery
 t - a +6 ring of intelligence (left claw)
 u - an amulet of reflection (around neck)
 w - an uncursed ring of wizardry
 E - a +6 ring of strength (right claw)
Wands
 z - a wand of acid (16) {@v2}
Scrolls
 a - a scroll of enchant weapon
 e - a scroll of amnesia
 h - 2 scrolls of enchant armour
 j - 4 scrolls of magic mapping
 k - 7 scrolls of identify {unknown}
 m - 2 scrolls of noise
 A - a scroll of immolation {unknown}
 B - a scroll of fog {unknown}
Potions
 b - 2 potions of curing {unknown}
 f - 4 potions of haste {unknown}
 i - a potion of cancellation {unknown}
 l - 4 potions of flight
 p - 3 potions of degeneration {unknown}
 q - 3 potions of brilliance {unknown}
 s - a potion of ambrosia {unknown}
 v - a potion of heal wounds {unknown}
 x - a potion of might {unknown}
 C - a potion of invisibility {unknown}
 D - a potion of magic {unknown}


   Skills:
 + Level 7.0 Fighting
 * Level 9.3 Staves
 - Level 1.7 Throwing
 - Level 5.0 Armour
 - Level 3.7 Dodging


You had 8 spell levels left.
You didn't know any spells.
Your spell library was empty.

Dungeon Overview and Level Annotations

Branches:
Dungeon (8/15)             Temple (1/1) D:4           Sewer (visited)
   Lair: D:8-11

Altars:
Cheibriados
Dithmenos
Elyvilon
Fedhas
Kikubaaqudgha
Makhleb
Nemelex Xobeh
Okawaru
Qazlal
Ru
Sif Muna
Trog
Uskayaw
Vehumet
Wu Jian
Xom
Yredelemnul
Zin
The Shining One

Shops:
D:5 :[

Annotations:
D:4 2 transporters, Dracia's ghost, amateur DsMo


Innate Abilities, Weirdness & Mutations

You have sharp fingernails.
You have razor-sharp toenails.
You sometimes gain power by taking damage.


Message History

The orc warrior hits you with a +0 war axe!!
You focus on the pain.
You feel agile all of a sudden. The orc barely misses you.
You are too injured to fight recklessly!
You are too injured to fight recklessly!
You are too injured to fight recklessly!
You are too injured to fight recklessly!
You catch the helpless orc warrior completely off-guard!
You hit the orc warrior.
You claw the orc warrior, but do no damage.
The orc warrior is almost dead.
The orc warrior hits you with a +0 war axe!!
* * * LOW HITPOINT WARNING * * *
You focus on the pain.
You feel more agile all of a sudden. You block the orc's attack.
The orc hits you but does no damage. The scorpion misses you.
The orc warrior hits you with a +0 war axe!
You die...

...... ... ....##..
#......# ### #≈≈≈
#..)...# #.###≈≈≈≈
#......#####....≈≈..
#..o...#...#...≈≈...
#.oos..#.#.#..≈....≈
...#.#.#@# #.#.#..≈..≈≈.
.........####.#.....≈≈...
...#.#.#...##.#........⌠≈
#.#.....)........≈≈⌠
..#...##.###....≈...
........##.###....≈..≈
....#...##†..#.....≈≈.
.....#...####.#........
#....##...#....#........


You could see an orc warrior (fast, strong, petrifying), a scorpion and 2 orcs.

Vanquished Creatures
  Pikel (D:7)
  Maggie (D:7)
  2 ice beasts
  A sky beast (D:7)
  Purgy (Sewer)
  2 necrophages
  An eye of draining (D:6)
  An ogre (D:5)
  A centaur (D:5)
  3 bullfrogs (D:7)
  A water moccasin zombie (D:7)
  2 scorpions
  An oklob sapling (D:4)
  A wight (D:8)
  4 howler monkeys
  2 orc priests
  5 hounds
  A jelly (D:8)
  Crazy Yiuf (D:2)
  A bullfrog skeleton (D:5)
  Natasha (thrice) (D:2)
  An iguana (D:6)
  7 orc wizards
  2 hound skeletons
  3 worker ant zombies
  A gnoll (D:1)
  A howler monkey skeleton (D:5)
  9 adders
  A river rat (D:6)
  A white imp (D:7)
  An ufetubus (D:8)
  An adder skeleton (D:4)
  2 dart slugs
  5 leopard geckos
  27 orcs
  7 giant cockroaches
  11 goblins
  10 hobgoblins
  12 jackals
  2 quokkas (D:2)
  7 ball pythons
  5 bats
  10 frilled lizards
  A frilled lizard (shapeshifter) (Sewer)
  11 kobolds
  2 quokka skeletons
  7 rats
183 creatures vanquished.

Vanquished Creatures (others)
  2 plants (D:4)
2 creatures vanquished.

Grand Total: 185 creatures vanquished

Notes
Turn   | Place    | Note
-------+----------+-------------------------------------------
     0 | D:1      | vatarom the Demonspawn Gladiator began the quest for the
                  | Orb.
     0 | D:1      | Reached XP level 1. HP: 16/16 MP: 1/1
   214 | D:1      | Reached skill level 3 in Staves
   214 | D:1      | Gained mutation: You have sharp toenails. [demonic
                  | ancestry]
   214 | D:1      | Reached XP level 2. HP: 20/22 MP: 2/2
   595 | D:1      | Reached XP level 3. HP: 26/28 MP: 3/3
  1410 | D:2      | Reached XP level 4. HP: 31/34 MP: 4/4
  2036 | D:2      | Noticed Natasha
  2041 | D:2      | Killed Natasha
  2042 | D:2      | Reached skill level 4 in Staves
  2055 | D:2      | Found a runed translucent door.
  2056 | D:2      | Noticed Crazy Yiuf
  2067 | D:2      | Killed Crazy Yiuf
  2068 | D:2      | Gained mutation: You have sharp fingernails. [demonic
                  | ancestry]
  2068 | D:2      | Reached XP level 5. HP: 25/41 MP: 5/5
  2365 | D:2      | Noticed Natasha
  2371 | D:2      | Killed Natasha
  2778 | D:2      | Noticed Natasha
  2787 | D:2      | Killed Natasha
  2974 | D:3      | Found a snail-covered altar of Cheibriados.
  3003 | D:3      | Reached skill level 1 in Armour
  3003 | D:3      | Gained mutation: You have razor-sharp toenails. [demonic
                  | ancestry]
  3003 | D:3      | Reached XP level 6. HP: 22/47 MP: 6/6
  3845 | D:4      | Reached skill level 5 in Staves
  3880 | D:4      | Noticed Dracia's ghost (amateur DsMo)
  3888 | D:4      | Found a transporter.
  4211 | D:4      | Found a staircase to the Ecumenical Temple.
  4224 | D:4      | Found a transporter.
  4229 | D:4      | Gained mutation: You sometimes gain a little power by
                  | taking damage. [demonic ancestry]
  4229 | D:4      | Reached XP level 7. HP: 23/54 MP: 7/7
  4230 | Temple   | Entered the Ecumenical Temple
  4728 | D:5      | Entered Level 5 of the Dungeon
  4868 | D:5      | Found Nazxoad's Antique Armour Emporium.
  5081 | D:5      | Found an ancient bone altar of Kikubaaqudgha.
  5223 | D:5      | Found a sparkling altar of Nemelex Xobeh.
  5287 | D:5      | Reached skill level 6 in Staves
  5388 | D:5      | Reached XP level 8. HP: 61/61 MP: 8/8
  5401 | D:5      | Found Foycuennou's Book Shop.
  5566 | D:5      | Found a shimmering altar of Xom.
  5970 | D:6      | Found a shimmering blue altar of Sif Muna.
  5993 | D:6      | Found a glowing drain.
  6004 | Sewer    | Entered a sewer
  6034 | Sewer    | Noticed Purgy
  6037 | Sewer    | Killed Purgy
  6038 | Sewer    | Reached skill level 5 in Fighting
  6365 | D:6      | Found an ancient bone altar of Kikubaaqudgha.
  6494 | D:6      | Found a bloodstained altar of Trog.
  6505 | D:6      | Reached skill level 5 in Armour
  6751 | D:6      | Reached skill level 7 in Staves
  6769 | D:6      | Found a blossoming altar of Fedhas.
  6770 | D:6      | Found a snail-covered altar of Cheibriados.
  6772 | D:6      | Found a basalt altar of Yredelemnul.
  6774 | D:6      | Found an ornate altar of the Wu Jian Council.
  6775 | D:6      | Found a radiant altar of Vehumet.
  7007 | D:7      | Noticed Pikel
  7025 | D:7      | Killed Pikel
  7026 | D:7      | Reached skill level 8 in Staves
  7026 | D:7      | Gained mutation: You sometimes gain power by taking damage.
                  | [demonic ancestry]
  7026 | D:7      | Reached XP level 9. HP: 67/69 MP: 9/9
  7133 | D:7      | Noticed Maggie
  7144 | D:7      | Killed Maggie
  7413 | D:7      | Reached skill level 9 in Staves
  7793 | D:8      | Noticed a two-headed ogre
  8091 | D:8      | Slain by an orc warrior

Illustrated notes

Levels and vault maps discovered:
D:1:      lightli_arrival_maybe_door_vault, layout_basic
D:2:      layout_loops_corners, uniq_crazy_yiuf_cottage, uniq_natasha
D:3:      layout_basic, kennysheep_slug_shrine
D:4:      layout_cave_pools, minmay_temple_entry_oklob, gammafunk_ghost_arena
D:5:      layout_cave_pods, kennysheep_little_box, xom_butterflies, basic_altar,
          serial_shops, shop, nicolae_shop_trees
D:6:      layout_gridville, nicolae_overflow_hidden_temple,
          kiku_gazebo_pond_becter, trog_eyes_of_draining,
          grunt_temple_overflow_open, portal_sewer_entry_b
D:7:      layout_loops_cross, minmay_statues_item, uniq_maggie, uniq_pikel
D:8:      cheibrodos_helix_gallery, layout_basic
Temple:   dpeg_three_leaves_temple

Skill      XL: |  1  2  3  4  5  6  7  8  9 |
---------------+----------------------------+-----
Staves         | 3 4 5 6 8 9 |  9.3
Dodging        | 3 |  3.7
Fighting       | 3 4 6 7 |  7.0
Armour         | 1 2 4 5 |  5.0
Throwing       | |  1.7

Action                   |  1- 3 |  4- 6 |  7- 9 || total
-------------------------+-------+-------+-------++-------
Melee: Quarterstaff      |    88 |   170 |   249 ||   507
       Kick              |    14 |    34 |    68 ||   116
Throw: Dart              |     8 |     9 |     1 ||    18
Evoke: Wand              |       |       |     2 ||     2
  Use: Scroll            |       |     7 |     5 ||    12
       Potion            |       |     1 |       ||     1
 Stab: Sleeping          |     1 |     2 |       ||     3
       Petrified         |       |       |     1 ||     1
       Paralysed         |       |       |     3 ||     3
       Petrifying        |       |       |     1 ||     1
Armor: Leather armour    |    21 |    17 |       ||    38
       Chain mail        |       |    53 |   100 ||   153
       Steam dragon scal |       |       |    12 ||    12
Dodge: Dodged            |    65 |    83 |   107 ||   255
Block: Other             |       |       |    46 ||    46
       Reflection        |       |       |     2 ||     2
